 Dungeon Crawl Stone Soup version 0.30-a0-739-gea05faddec (webtiles) character file.

Game seed: 12014153852154521259

0 Esekla the Sneak (level 1, -3/16 HPs)
             Began as an Octopode Delver on Feb 4, 2023.
             Slain by a howler monkey (7 damage)
             ... on level 5 of the Dungeon.
             The game lasted 00:03:37 (447 turns).

Esekla the Sneak (Octopode Delver)                   Turns: 447, Time: 00:03:37

Health: -3/16      AC:  1    Str: 11    XL:     1   Next: 0%
Magic:  1/1        EV: 13    Int: 12    God:
Gold:   0          SH:  5    Dex: 13    Spells: 0/0 levels left

rFire   . . .      SeeInvis .    a - +0 falchion
rCold   . . .      Faith    .    (no shield)
rNeg    . . .      Spirit   .    (helmet restricted)
rPois   .          Reflect  +    d - amulet of reflection
rElec   .          Harm     .    (no ring)
rCorr   .          Rampage  .    (no ring)
Will    .....                    (no ring)
Stlth   ++++                     (no ring)
HPRegen 0.22/turn                (no ring)
MPRegen 0.07/turn                (no ring)
                                 (no ring)
                                 (no ring)

@: no status effects
A: almost no armour, amphibious, 8 rings, camouflage 1, gelatinous body 1,
(nimble swimmer 1), tentacles
a: no special abilities


You were on level 5 of the Dungeon.
You visited 2 branches of the dungeon, and saw 2 of its levels.

Inventory:

Hand Weapons
 a - a +0 falchion (weapon)
Jewellery
 d - an amulet of reflection (around mantle)
Wands
 f - a wand of digging (2)
Scrolls
 b - a scroll of fog
 c - a scroll of magic mapping
 g - a scroll of immolation {unknown}
 h - a scroll of enchant armour {unknown}


   Skills:
 * Level 3.0 Fighting
 * Level 2.0 Long Blades
 * Level 2.0 Dodging
 + Level 6.6 Stealth


You couldn't memorise any spells.
You didn't know any spells.
Your spell library was empty.

Dungeon Overview and Level Annotations

Branches:
Dungeon (5/15)             Temple (1/1) D:5

Altars:
Gozag
Qazlal
Trog
Uskayaw
Xom
Yredelemnul


Innate Abilities, Weirdness & Mutations

You cannot wear most types of armour.
You are amphibious.
You can wear up to eight rings at the same time.
Your skin changes colour to match your surroundings (Stealth+).
Your rubbery body absorbs attacks. (AC +1, EV +1)
((You are camouflaged when in or above water. (Stealth+)))
You have tentacles for arms and can constrict up to eight enemies at once.


Message History

It was a potion of curing.
You feel better. The phantom misses you.
You closely miss the phantom. You tentacle-slap the phantom.
The phantom is lightly damaged.
The phantom barely misses you.
You hit the phantom but do no damage.
The phantom is lightly damaged.
The phantom misses you.
You hit the phantom.
You squeeze the phantom, but do no damage.
The phantom is lightly damaged.
The phantom hits you.
You completely miss the phantom. Your squeeze misses the phantom.
The phantom is lightly damaged.
The phantom barely misses you. The phantom completely misses you.
You miss the phantom.
The phantom is lightly damaged.
The phantom hits you.
You barely miss the phantom.
The phantom is lightly damaged.
The phantom closely misses you.
You closely miss the phantom.
The phantom is lightly damaged.
The phantom hits you but does no damage.
You closely miss the phantom. You squeeze the phantom!
The phantom is moderately damaged.
The phantom hits you.
You hit the phantom. Your squeeze misses the phantom.
The phantom is heavily damaged.
The phantom hits you.
* * * LOW HITPOINT WARNING * * *
You block the phantom's attack.
You feel better. The phantom hits you.
The phantom blinks!
You blink.
The phantom attacks as you move away! The phantom hits you.
* * * LOW HITPOINT WARNING * * *
The howler monkey howls!
The howler monkey hoots and howls with incredible vigour!
You hear an angry hiss.
The howler monkey attacks as you move away!
The howler monkey hits you!
You die...

*,,,,*,* *,,,,,,, *,,,,,,, ###
*,,,,,,, #.# ###### *,,,,,,,
#.###....####**,,,,,,,
########............,,,,,,,,,
#.....ยง..##......#****,,,,,,,
#+######.##h@...># *,,,,,,,
*,*,,,*#..OW.....# *,******
*,*,*,*#.!...###.# *,**
*,*,*,#......#*#.# *,,*
*,*,*,#).......#.## *****
*,,,*,#........#O.# *,,~*
*****,#...........#########
*,,,*,#........#..#~~~.~..# *
*,*,*,##########..#######~# *


You could see an ogre, a phantom and a howler monkey.

Vanquished Creatures (others)
  4 fungi (D:5)
4 creatures vanquished.

Notes
Turn   | Place    | Note
-------+----------+-------------------------------------------
     0 | D:5      | Esekla the Octopode Delver began the quest for the Orb.
     0 | D:5      | Reached XP level 1. HP: 16/16 MP: 1/1
    76 | D:5      | Found a stormy altar of Qazlal.
   116 | D:5      | Noticed a phantom
   200 | D:5      | Noticed an ogre
   201 | D:5      | Found a staircase to the Ecumenical Temple.
   210 | Temple   | Entered the Ecumenical Temple
   415 | D:5      | Noticed a jelly
   420 | D:5      | Noticed a howler monkey
   424 | D:5      | Noticed a phantom
   447 | D:5      | Slain by a howler monkey

Illustrated notes

Levels and vault maps discovered:
D:5:      layout_basic, grunt_qazlal_clouds, minmay_temple_entry_poolview,
          serial_aquarium, aquarium_bridge_long_joined
          [aquarium_subvault_bridge, aquarium_subvault_window,
          aquarium_subvault_bridge, aquarium_subvault_wall,
          aquarium_subvault_window, aquarium_subvault_bridge],
          aquarium_bridge_square [aquarium_subvault_window,
          aquarium_subvault_window, aquarium_subvault_bridge,
          aquarium_subvault_window], aquarium_window_fake, aquarium_window_1,
          aquarium_view_2d, aquarium_view_2g, ebering_ghost_rock_garden,
          roderic_serpentine_path, minmay_misc_feat_pillars,
          hangedman_abyss_or_decor_jellyfish_corner
Temple:   nicolae_temple_superstar

Action                     || total
---------------------------++-------
  Melee: Falchion          ||     9
         Tentacles         ||     2
         Punch             ||     1
  Evoke: Wand              ||     1
    Use: Potion            ||     3
         Scroll            ||     2
 Armour: Skin              ||     1
  Dodge: Dodged            ||     6
  Block: Other             ||     1

Table legend: (Time is in decaauts)
 A = Elapsed time spent in this place.
 B = Non-inter-level travel time spent in this place.
 C = Inter-level travel time spent in this place.
 D = Time resting spent in this place.
 E = Time spent auto-exploring this place.
 F = Levels seen in this place.
 G = Mean time per level.
                   A        B        C        D        E       F      G
               +--------+--------+--------+--------+--------+-----+--------+
         Total |    431 |    418 |     13 |      0 |     13 |   2 |  215.5 |
       Dungeon |    403 |    402 |      1 |      0 |      0 |   1 |  403.0 |
        Temple |     28 |     16 |     12 |      0 |     13 |   1 |   28.0 |
               +--------+--------+--------+--------+--------+-----+--------+

Top non-repeatable levels by time:
     D:5: 403 daAuts
  Temple: 28 daAuts
